 Dungeon Crawl Stone Soup version 0.32-a0-540-g866d13106e (console) character file.

Game seed: 6236925402930540098

3103 zenocrate the Cleaver (level 9, -6/78 HPs)
             Began as a Mountain Dwarf Fighter on Feb 28, 2024.
             Was a Believer of Ru.
             Mangled by an orc warlord
             ... wielding a +4 battleaxe
              (15 damage)
             ... in a bailey.
             The game lasted 00:13:41 (5607 turns).

zenocrate the Cleaver (Mountain Dwarf Fighter)      Turns: 5607, Time: 00:13:41

Health: -6/78      AC:  7    Str: 23    XL:     9   Next: 59%
Magic:  9/9        EV: 11    Int:  9    God:    Ru [**....]
Gold:   108        SH: 10    Dex:  9    Spells: 1/8 levels left

rFire   . . .        a - +0 war axe
rCold   . . .        c - +0 buckler
rNeg    + . .        g - +2 robe {rC+ rF+}
rPois   .            (helmet restricted)
rElec   .            B - scarf {harm}
rCorr   .            (no gloves)
SInv    +            l - +0 pair of boots
Will    .....        t - amulet of reflection
Stlth   +            u - ring of positive energy
HPRegen 0.33/turn    e - ring of see invisible
MPRegen 0.11/turn

%: harm (+30% outgoing, +20% incoming), reflection, clarity
@: mighty, hasted, very quick
A: temperature sensitive, runic magic, artefact enchanting, antennae 1,
iridescent scales 1, clarity, persistent drain
a: Renounce Religion


You were in a bailey.
You worshipped Ru.
Ru was pleased with you.
You visited 2 branches of the dungeon, and saw 8 of its levels.
You also visited: Sewer and Bailey.

You collected 452 gold pieces.
You spent 344 gold pieces at shops.

Inventory:

Hand Weapons
 a - a +0 war axe (weapon)
Armour
 b - a +0 scale mail
 c - a +0 buckler (worn)
 f - the +9 plate armour of Sin {Harm *Corrode Int+6}
   (You found it on level 2 of the Dungeon)

   Int+6:     It affects your intelligence (+6).
   *Corrode:  It may corrode you when you take damage.
   Harm:      It increases damage dealt and taken.
 g - a +2 robe of resistance (worn)
 l - a +0 pair of boots (worn)
 B - a scarf of harm (worn)
Jewellery
 e - a ring of see invisible (right hand)
 t - an amulet of reflection (around neck)
 u - a ring of positive energy (left hand)
Wands
 C - a wand of digging (14)
Scrolls
 h - 2 scrolls of enchant weapon
 o - 3 scrolls of poison
 s - a scroll of silence {unknown}
 v - 2 scrolls of immolation
 y - a scroll of amnesia {unknown}
 z - a scroll of vulnerability {unknown}
 A - 2 scrolls of enchant armour {unknown}
 E - a scroll of butterflies
 F - 2 scrolls of teleportation
Potions
 q - 2 potions of attraction
 r - a potion of magic
 D - a potion of brilliance {unknown}
Miscellaneous
 x - a lightning rod (inert)


   Skills:
 - Level 6.7 Fighting
 * Level 12.9 Axes
 - Level 3.2 Armour
 - Level 6.3 Shields
 - Level 3.6 Evocations


You had one spell level left.
You knew the following spells:

 Your Spells              Type           Power      Damage    Failure   Level
a - Sigil of Binding      Hex            0%         N/A       82%         3
b - Sticky Flame          Fire/Alch      0%         2d4       99%         4

Your spell library contained the following spells:

 Spells                   Type           Power      Damage    Failure   Level
 Sandblast                Erth           0%         2d4       43%         1
 Summon Small Mammal      Summ           0%         N/A       43%         1
 Ensorcelled Hibernation  Hex/Ice        0%         N/A       58%         2
 Call Canine Familiar     Summ           0%         N/A       82%         3
 Inner Flame              Hex/Fire       0%         N/A       82%         3
 Passwall                 Erth           0%         N/A       82%         3
 Stone Arrow              Conj/Erth      0%         3d7       82%         3
 Swiftness                Air            0%         N/A       82%         3
 Brom's Barrelling Bould  Conj/Erth      0%         2d3       99%         4
 Dimensional Bullseye     Hex/Tloc       0%         N/A       99%         4
 Flame Wave               Conj/Fire      0%         2d4       99%         4
 Ignite Poison            Fire/Alch      0%         N/A       99%         4
 Summon Blazeheart Golem  Fire/Summ      0%         N/A       99%         4
 Ignition                 Fire           0%         3d3       100%        8


Dungeon Overview and Level Annotations

Branches:
Dungeon (7/15)             Temple (1/1) D:4           Sewer (visited)
 Bailey (1/1)

Altars:
Ashenzari
Cheibriados
Dithmenos
Elyvilon
Fedhas
Gozag
Hepliaklqana
Okawaru
Qazlal
Ru
Sif Muna
Trog
Uskayaw
Xom
Yredelemnul
Zin
The Shining One

Shops:
D:3 =   D:5 (?


Innate Abilities, Weirdness & Mutations

You are sensitive to extremes of temperature. (rF-, rC-)
Your spellcasting is much less encumbered by armour.
You can use scrolls of enchantment on lesser artefacts.
You have a pair of small antennae on your head.
You are partially covered in iridescent scales. (AC +2)
You possess an exceptional clarity of mind.
Your health recovers twice as slowly from being drained.


Message History

Unknown command.
Unknown command.
Okay, then.
You feel yourself speed up.
You are confused.
You feel invigorated.
Unknown command.
Unknown command.
Unknown command.
The orc warlord hits you with a +4 battleaxe.
Unknown command.
A gnoll opens the door.
An orc comes into view. It is wielding a +0 hand axe.
Unknown command.
A hobgoblin comes into view. It is wielding a +0 hand axe.
The gnoll shouts!
The hobgoblin shouts!
The orc warlord hits you with a +4 battleaxe.
Unknown command.
Unknown command.
You feel less invigorated.
You feel less confused.
The orc warlord hits you with a +4 battleaxe!!
* * * LOW HITPOINT WARNING * * *
Unknown command.
Unknown command.
Okay, then.
Okay, then.
You barely miss the orc warlord.
The orc warlord is heavily wounded.
Unknown command.
You slash the orc warlord!
The orc warlord is heavily wounded.
The orc warlord hits you with a +4 battleaxe.
* * * LOW HITPOINT WARNING * * *
Unknown command.
You slice the orc warlord!!
The orc warlord is severely wounded.
The orc warlord hits you with a +4 battleaxe!
You die...
Ru respects your ultimate sacrifice.

#.......o...#)).))
#...........#.bb)) ♣♣♣
###.).......###...b
♣♣.♣♣♣♣♣
###.#'#.....### ###..
♣......♣###...))###.###
###
♣♣♣......##.........###
#
♣........#.....).....#
♣♣.......'.....).....#
♣..∩.∩..'....)).....# .
♣.......'...........#
..
♣.......#......@....#
.#
♣.......##....go...##
♣♣......♣###.....###
♣..♣♣♣♣♣ ###.#o#{ ♣♣♣♣
###g.. ..... .....
....⌠


You could see an orc warlord, a gnoll, an orc and a hobgoblin.

Vanquished Creatures
  Grinder (D:4)
  A hornet (D:6)
  Eustachio (D:4)
  2 ice beasts
  A sky beast (D:6)
  5 orc warriors (Bailey)
  A crocodile (Sewer)
  2 ogres
  4 phantoms
  A brain worm (Sewer)
  A kobold brigand (D:6)
  A bullfrog (D:5)
  A scorpion (D:4)
  6 killer bees (D:5)
  3 bombardier beetles (D:4)
  2 jellies (D:5)
  An orc priest (D:6)
  A gnoll bouda (D:7)
  2 hounds
  A sleepcap (D:6)
  5 iguanas
  3 orc wizards
  14 gnolls
  8 adders
  3 ufetubi
  2 dart slugs
  5 ribbon worms
  16 orcs
  3 endoplasms
  5 giant cockroaches
  12 goblins
  11 hobgoblins
  7 jackals
  6 quokkas
  12 ball pythons
  8 bats
  5 frilled lizards
  7 kobolds
  5 rats
175 creatures vanquished.

Notes
Turn   | Place    | Note
-------+----------+-------------------------------------------
     0 | D:1      | zenocrate the Mountain Dwarf Fighter began the quest for
                  | the Orb.
     0 | D:1      | Reached XP level 1. HP: 19/19 MP: 1/1
   133 | D:1      | Reached skill level 3 in Axes
   194 | D:1      | Reached XP level 2. HP: 12/26 MP: 2/2
   397 | D:1      | Reached skill level 4 in Axes
   801 | D:2      | Reached XP level 3. HP: 31/31 MP: 3/3
   920 | D:2      | Identified the +9 plate armour of Sin {Harm *Corrode Int+6}
  1227 | D:2      | Reached skill level 5 in Axes
  1253 | D:2      | Reached XP level 4. HP: 32/38 MP: 4/4
  1278 | D:2      | Found a faded altar of an unknown god.
  1588 | D:3      | Found Fifes's Jewellery Boutique.
  1686 | D:3      | Reached skill level 6 in Axes
  1990 | D:4      | Noticed a phantom
  1997 | D:4      | Found a staircase to the Ecumenical Temple.
  2012 | D:4      | Reached XP level 5. HP: 38/44 MP: 5/5
  2040 | Temple   | Entered the Ecumenical Temple
  2079 | Temple   | Became a worshipper of Ru the Awakened
  2243 | D:4      | Reached skill level 7 in Axes
  2258 | D:4      | Reached XP level 6. HP: 22/51 MP: 6/6
  2424 | D:4      | Found a glowing drain.
  2428 | Sewer    | Entered a sewer
  2474 | Sewer    | Reached skill level 8 in Axes
  2799 | D:4      | Noticed Grinder
  2811 | D:4      | Killed Grinder
  2812 | D:4      | Reached skill level 5 in Shields
  2812 | D:4      | Reached XP level 7. HP: 52/57 MP: 7/7
  2889 | D:4      | Noticed Eustachio
  2914 | D:4      | Killed Eustachio
  2915 | D:4      | Reached skill level 9 in Axes
  2922 | D:4      | Learned a level 3 spell: Sigil of Binding
  3194 | D:5      | Entered Level 5 of the Dungeon
  3284 | D:5      | Reached XP level 8. HP: 64/64 MP: 8/8
  3380 | D:5      | Learned a level 4 spell: Sticky Flame
  3411 | D:5      | Reached skill level 10 in Axes
  3416 | D:5      | Reached skill level 5 in Fighting
  3707 | D:5      | Gained mutation: You are sensitive to extremes of
                  | temperature. (rF-, rC-) [Ru sacrifice]
  3707 | D:5      | Reached * piety under Ru
  3707 | D:5      | Reached ** piety under Ru
  3720 | D:5      | Found Dycij's Magic Scroll Shop.
  3743 | D:5      | Bought 3 scrolls of butterflies for 156 gold pieces
  3743 | D:5      | Bought a scroll of teleportation for 39 gold pieces
  3743 | D:5      | Bought a scroll of enchant weapon for 97 gold pieces
  3743 | D:5      | Bought a scroll of fear for 52 gold pieces
  3858 | D:5      | Found Leag's Weapon Boutique.
  4093 | D:5      | Gained mutation: You possess an exceptional clarity of
                  | mind. [potion of mutation]
  4093 | D:5      | Gained mutation: Your health recovers twice as slowly from
                  | being drained. [potion of mutation]
  4093 | D:5      | Gained mutation: You have a pair of small antennae on your
                  | head. [potion of mutation]
  4093 | D:5      | Gained mutation: You are partially covered in iridescent
                  | scales. (AC +2) [potion of mutation]
  4319 | D:6      | Found a glowing silver altar of Zin.
  4341 | D:6      | Reached skill level 11 in Axes
  4477 | D:6      | Reached XP level 9. HP: 60/78 MP: 9/9
  4602 | D:6      | Found a blossoming altar of Fedhas.
  4612 | D:6      | Reached skill level 1 in Evocations
  4751 | D:6      | Paralysed by a hornet for 1 turns
  5139 | D:7      | Found a flagged portal.
  5160 | Bailey   | Entered a bailey
  5393 | Bailey   | Reached skill level 12 in Axes
  5547 | Bailey   | Noticed an orc warlord
  5607 | Bailey   | Mangled by an orc warlord

Illustrated notes

Levels and vault maps discovered:
D:1:      sevenhm_arrival_forest_fort_large_2, layout_rooms
D:2:      layout_basic, shapermc_ecumenical_altar_venn,
          kennysheep_generic_room_5
D:3:      layout_basic, serial_shops, shop
D:4:      layout_rooms, minmay_temple_entry_sparse_star,
          mainiacjoe_sewer_entry_somewhere_in_here_2, uniq_grinder,
          uniq_eustachio
D:5:      layout_loops_ring, serial_shops, nicolae_shop_window_shopping,
          nicolae_diamond_shop, grunt_decor_resistance, minmay_starry_boxes
D:6:      layout_rooms, mainiacjoe_overflow_tiny_flanked,
          mainiacjoe_overflow_alcove_1
D:7:      layout_basic, nicolae_vehumet_radiance, enter_bailey_2,
          lightli_orcish_oven
Temple:   regret_index_temple_generic_petals
Bailey:   bailey_axe_minmay_hex_keep, bailey

Skill      XL: |  1  2  3  4  5  6  7  8  9 |
---------------+----------------------------+-----
Axes           | 3 4 5 6 7 8 9 11 12 | 12.9
Shields        | 5 6 |  6.3
Fighting       | 6 |  6.7
Evocations     | 3 |  3.6
Armour         | |  3.2

Action                     |  1- 3 |  4- 6 |  7- 9 || total
---------------------------+-------+-------+-------++-------
  Melee: War axe           |    86 |   160 |   278 ||   524
  Throw: Dart              |       |     1 |     2 ||     3
 Invoke: Sacrifice Resista |       |       |     1 ||     1
  Evoke: Lightning rod     |       |       |     6 ||     6
    Use: Scroll            |     4 |     3 |     9 ||    16
         Potion            |       |     3 |     9 ||    12
   Stab: Invisible         |       |       |     1 ||     1
 Armour: Scale mail        |    28 |       |       ||    28
         Robe              |     8 |       |    84 ||    92
         Plate armour      |    45 |   131 |    87 ||   263
  Dodge: Dodged            |    46 |    43 |    78 ||   167
  Block: Buckler           |    20 |    52 |   136 ||   208
         Reflection        |       |     3 |     1 ||     4

Table legend: (Time is in decaauts)
 A = Elapsed time spent in this place.
 B = Non-inter-level travel time spent in this place.
 C = Inter-level travel time spent in this place.
 D = Time resting spent in this place.
 E = Time spent auto-exploring this place.
 F = Levels seen in this place.
 G = Mean time per level.
                   A        B        C        D        E       F      G
               +--------+--------+--------+--------+--------+-----+--------+
         Total |   5686 |   5331 |    355 |    179 |   3718 |  10 |  568.6 |
       Dungeon |   4989 |   4710 |    279 |    179 |   3313 |   7 |  712.7 |
        Temple |     79 |      4 |     75 |      0 |      0 |   1 |   79.0 |
         Sewer |    181 |    181 |      0 |      0 |    128 |   1 |  181.0 |
        Bailey |    437 |    437 |      0 |      0 |    277 |   1 |  437.0 |
               +--------+--------+--------+--------+--------+-----+--------+

Top non-repeatable levels by time:
     D:5: 1076 daAuts
     D:4: 1006 daAuts
     D:2: 789 daAuts
     D:1: 783 daAuts
     D:6: 765 daAuts
     D:3: 452 daAuts
  Bailey: 437 daAuts
   Sewer: 181 daAuts
     D:7: 115 daAuts
  Temple: 79 daAuts
